 Dungeon Crawl Stone Soup version 0.29.1-15-g9cfb28693d (webtiles) character file.

Game seed: 15426978829127989403

74 Descartes the Covert (level 4, -1/23 HPs)
             Began as a Spriggan Delver on Apr 15, 2023.
             Slain by a quokka (4 damage)
             ... on level 5 of the Dungeon.
             The game lasted 00:00:39 (62 turns).

Descartes the Covert (Spriggan Delver)                Turns: 62, Time: 00:00:40

Health: -1/23      AC:  2    Str: 10    XL:     4   Next: 9%
Magic:  5/5        EV: 18    Int: 11    God:
Gold:   0          SH:  0    Dex: 16    Spells: 3/3 levels left

rFire   . . .      SeeInvis +   a - +0 short sword
rCold   . . .      Faith    .   (no shield)
rNeg    . . .      Spirit   .   b - +0 robe
rPois   .          Reflect  .   (helmet restricted)
rElec   .          Harm     .   (no cloak)
rCorr   .          Rampage  .   (gloves unavailable)
Will    .....                   (boots unavailable)
Stlth   ++++......              (no amulet)
HPRegen 0.07/turn               (no ring)
MPRegen 0.09/turn               (no ring)

@: very quick
A: very small, no large weapons, unfitting armour, see invisible, speed 3
a: no special abilities


You were on level 5 of the Dungeon.
You visited 1 branch of the dungeon, and saw 1 of its levels.

Inventory:

Hand Weapons
 a - a +0 short sword (weapon)
Armour
 b - a +0 robe (worn)
Wands
 g - a wand of digging (3)
Scrolls
 c - a scroll of fog
 d - a scroll of magic mapping
 e - a scroll of fear
Potions
 f - a potion of haste


   Skills:
 - Level 2.4 Fighting
 + Level 3.3 Short Blades
 + Level 4.0 Dodging
 + Level 8.1 Stealth


You had 3 spell levels left.
You didn't know any spells.
Your spell library was empty.

Dungeon Overview and Level Annotations

Branches:
Dungeon (5/15)
 Temple: D:4-7

Altars:

Annotations:
D:5 Menkaure


Innate Abilities, Weirdness & Mutations

You are very small and have problems with some larger weapons.
You are too small for most types of armour.
You have supernaturally acute eyesight. (SInv)
You cover ground extremely quickly. (Speed+++)


Message History

You hit Menkaure.
Menkaure is moderately damaged.
The adder bites you but does no damage.
Menkaure calls on the powers of darkness!
The adder convulses!
Your body is wracked with pain!
You barely miss the adder.
The adder is moderately wounded.
The adder bites you.
* * * LOW HITPOINT WARNING * * *
You are poisoned.
The adder poisons you!
Unknown command.
You feel sick.
You feel sick.
You feel sick.
You feel sick.
You are no longer poisoned.
As you open the door, it creaks loudly!
Menkaure mumbles some strange words.
Menkaure seems to speed up.
There is an open door here.
You open the door.
There is an open door here.
You open the door. The adder misses you.
There is an open door here.
As you open the door, it creaks loudly! The adder closely misses you.
There is an open door here.
Found a stone staircase leading down.
A gnoll comes into view. It is wielding a +0 spear.
A quokka comes into view.
You barely miss the quokka. The quokka barely misses you.
You hit the quokka.
The quokka is severely wounded.
The quokka closely misses you.
The gnoll shouts!
You hit the quokka.
The quokka is almost dead.
The quokka bites you.
You die...

### ...#+####
#......# #......#
#......# .....#
#.#g#+#>.#####.#
....g.....S@r..#
##.#.#.#.........##
#.#########....
#S##...........
#.##..........#
#.##..........#
#..'..........#
+#.##...........
#......$...........


You could see a gnoll, an adder and a quokka.

Vanquished Creatures
  A centaur (D:5)
1 creature vanquished.

Notes
Turn   | Place    | Note
-------+----------+-------------------------------------------
     0 | D:5      | Descartes the Spriggan Delver began the quest for the Orb.
     0 | D:5      | Reached XP level 1. HP: 11/11 MP: 2/2
    10 | D:5      | Noticed a centaur
    14 | D:5      | Noticed Menkaure
    15 | D:5      | Killed a centaur
    16 | D:5      | Reached skill level 8 in Stealth
    16 | D:5      | Reached XP level 2. HP: 16/16 MP: 3/3
    16 | D:5      | Reached XP level 3. HP: 19/19 MP: 4/4
    16 | D:5      | Reached XP level 4. HP: 23/23 MP: 5/5
    62 | D:5      | Slain by a quokka

Illustrated notes

Levels and vault maps discovered:
D:5:      dreamdust_elfheim, layout_basic, serial_shops, kennysheep_mini,
          uniq_menkaure

Skill      XL: |  1 |
---------------+----+-----
Short Blades   | 3 |  3.3
Dodging        | 4 |  4.0
Stealth        | 8 |  8.1
Fighting       | |  2.4

Action                   |  1- 3 |  4- 6 || total
-------------------------+-------+-------++-------
Melee: Short sword       |     1 |     7 ||     8
 Stab: Sleeping          |     1 |       ||     1
Armor: Robe              |       |     1 ||     1
Dodge: Dodged            |       |     5 ||     5
